Match 41854584
Unlisted

Match 41854584
End
Vickers Machine Gun Team
Construct Section Command Post
Selects Canadian Shock Battlegroup
Dingo Light Scout Car
Dingo Light Scout Car
Construct Platoon Command Post
Selects Attacking Spirit
Selects Canadian Shock Section
Canadian Shock Section
Selects Incendiary Munitions
Infantry Training
Canadian Shock Section
CMP 15cwt Truck
Construct Company Command Post
Unlock Bishop Self-propelled Artillery
6-pounder Anti-tank Gun Team
Bishop Self-propelled Artillery
Construct Field Infirmary
Selects Pyrotechnics
Forward Retreat Point
Construct Company Command Post
Matilda II Heavy Tank
Bishop Self-propelled Artillery
Unlock M3 Grant Medium Tanks
ww26282006
XellosSlayer
joker
Duke1Basketball
ㅋㅋㅋㅋㅋㅋㅋㅋㅋ
Red
Mael Radec
Doge
0
0

Comments sign in to comment!

No comments posted yet!